 Dungeon Crawl Stone Soup version 0.28.0-43-g3370ac3207 (webtiles) character file.

Game seed: 3894103051626554768

58 sking99 the Skirmisher (level 4, -4/49 HPs)
             Began as an Ogre Delver on Mar 16, 2022.
             Was a Follower of Uskayaw.
             Slain by a gnoll
             ... wielding a +0 flail
              (7 damage)
             ... on level 5 of the Dungeon.
             The game lasted 00:02:22 (1014 turns).

sking99 the Skirmisher (Ogre Delver)                Turns: 1014, Time: 00:02:23

Health: -4/49      AC:  3    Str: 16    XL:     4   Next: 1%
Magic:  0/4        EV: 10    Int: 11    God:    Uskayaw [*.....]
Gold:   78         SH:  0    Dex: 12    Spells: 3/3 levels left

rFire   . . .      SeeInvis .   a - +0 mace
rCold   . . .      Faith    .   (no shield)
rNeg    . . .      Spirit   .   b - +0 robe
rPois   .          Reflect  .   (helmet restricted)
rElec   .          Harm     .   (no cloak)
rCorr   .          Rampage  .   (gloves unavailable)
Will    .....                   (boots unavailable)
Stlth   ++........              (no amulet)
HPRegen 0.16/turn               (no ring)
MPRegen 0.09/turn               (no ring)

@: no status effects
A: large, unfitting armour, tough skin 1
a: Renounce Religion, Stomp


You were on level 5 of the Dungeon.
You worshipped Uskayaw.
Uskayaw was noncommittal.
You visited 1 branch of the dungeon, and saw 2 of its levels.

You collected 78 gold pieces.

Inventory:

Hand Weapons
 a - a +0 mace (weapon)
Armour
 b - a +0 robe (worn)
Jewellery
 h - a ring of magical power
Wands
 g - a wand of digging (3)
 i - a wand of polymorph (9)
Scrolls
 c - a scroll of fog
 d - a scroll of magic mapping
 e - a scroll of fear
Potions
 f - a potion of haste


   Skills:
 + Level 4.6 Fighting
 * Level 2.9 Maces & Flails
 + Level 2.3 Dodging
 - Level 3.7 Stealth
 + Level 0.4 Invocations


You had 3 spell levels left.
You didn't know any spells.
Your spell library contained the following spells:

 Spells                   Type           Power      Damage    Failure   Level
 Gell's Gravitas          Tloc           0%         N/A       71%         3
 Lesser Beckoning         Tloc           0%         N/A       71%         3
 Teleport Other           Tloc           0%         N/A       71%         3


Dungeon Overview and Level Annotations

Branches:
Dungeon (5/15)
 Temple: D:4-7

Altars:
Uskayaw
Wu Jian


Innate Abilities, Weirdness & Mutations

You are too large for most types of armour.
You have tough skin. (AC +1)


Message History

There is a stone staircase leading down, spattered with blood here.
You hit the gnoll but do no damage. The gnoll hits you with a +0 flail.
The gnoll closely misses you.
You hit the gnoll.
The gnoll is lightly wounded.
The gnoll barely misses you.
A centaur comes into view.
The gnoll misses you. The gnoll hits you with a +0 flail.
The gnoll hits you from afar with a +0 spear.
You climb downwards.
There is a stone staircase leading up, spattered with blood here.
You closely miss the gnoll.
The gnoll is lightly wounded.
The gnoll hits you with a +0 flail!
You hit the gnoll.
The gnoll is severely wounded.
The gnoll hits you with a +0 flail!
* * * LOW HITPOINT WARNING * * *
You hit the gnoll.
The gnoll is almost dead.
The gnoll hits you but does no damage. The gnoll closely misses you.
You can now pass through a line of other dancers.
You barely miss the gnoll.
The gnoll is almost dead.
The gnoll hits you with a +0 flail.
* * * LOW HITPOINT WARNING * * *
You closely miss the gnoll.
The gnoll is almost dead.
The gnoll hits you with a +0 flail.
* * * LOW HITPOINT WARNING * * *
Aiming: Line Pass
Press: ? - help, Dir - move target The gnoll appears confused.
You can no longer pass through a line of other dancers.
The gnoll barely misses you.
You barely miss the gnoll.
The gnoll is almost dead.
The gnoll hits you with a +0 flail!
You die...

.#*#.........♣♣..##...#*,.....***
.##.#....≈≈.....###...#*,.....*
###.#....≈≈.....# #...#*......*
#............####...##......*
#...##.....##...#...........*
#.....##.##...#)####.######**
######*#......<......#
##.#.##g)##.### #.....@..#.#
###.##.#.#.# #.##...#.###
#.....##...# #####.####.#
#.#....# #.#.#### #.#.# #...#


You could see a gnoll (confused).

Vanquished Creatures
  A bullfrog skeleton (D:5)
  2 gnolls (D:5)
  An ufetubus (D:5)
  2 orcs (D:5)
6 creatures vanquished.

Notes
Turn   | Place    | Note
-------+----------+-------------------------------------------
     0 | D:5      | sking99 the Ogre Delver began the quest for the Orb.
     0 | D:5      | Reached XP level 1. HP: 24/24 MP: 1/1
    20 | D:5      | Found an ornate altar of the Wu Jian Council.
   282 | D:5      | Reached XP level 2. HP: 32/32 MP: 2/2
   358 | D:5      | Found a hide-covered altar of Uskayaw.
   395 | D:5      | Reached XP level 3. HP: 8/40 MP: 3/3
   642 | D:5      | Became a worshipper of Uskayaw the Reveller
   720 | D:5      | Reached * piety under Uskayaw
   722 | D:5      | Reached ** piety under Uskayaw
   780 | D:5      | Reached XP level 4. HP: 13/49 MP: 4/4
  1005 | D:4      | Noticed a centaur
  1014 | D:5      | Slain by a gnoll

Illustrated notes

Levels and vault maps discovered:
D:4:      layout_cave_pods, kennysheep_mini_moat, minmay_temple_entry_grid,
          biasface_ghost_orc_armoury, minmay_manual_mares
D:5:      layout_basic, mainiacjoe_overflow_tiny_flanked,
          nicolae_wu_jian_wuxing_cycle, minmay_misc_feat_alley

Skill      XL: |  1 |
---------------+----+-----
Maces & Flails | 2 |  2.9
Dodging        | 2 |  2.3
Fighting       | |  4.6
Stealth        | |  3.7
Invocations    | |  0.4

Action                   |  1- 3 |  4- 6 || total
-------------------------+-------+-------++-------
Melee: Mace              |    31 |     8 ||    39
       Punch             |     1 |       ||     1
Invok: Line Pass         |       |     1 ||     1
  Use: Scroll            |     1 |       ||     1
Armor: Robe              |     3 |     1 ||     4
Dodge: Dodged            |    22 |     5 ||    27
